 Dungeon Crawl Stone Soup version 0.23-a0-356-g1757c6e (webtiles) character file.

567 Cryolive the Digger (level 7, 0/36 HPs)
             Began as a Gargoyle Earth Elementalist on Oct 21, 2018.
             Slain by a leopard gecko (1 damage)
             ... in a sewer.
             The game lasted 00:18:01 (3272 turns).

Cryolive the Digger (Gargoyle Earth Elementalist)   Turns: 3272, Time: 00:18:02

Health: 0/36       AC:  7    Str: 11    XL:     7   Next: 33%
Magic:  14/14      EV: 12    Int: 18    God:
Gold:   162        SH:  0    Dex: 10    Spells: 15/16 levels left

rFire    . . .     SeeInvis .   a - +1 dagger (venom)
rCold    . . .     Gourm    .   (no shield)
rNeg     + . .     Faith    .   c - +0 robe
rPois    ∞         Spirit   .   (no helmet)
rElec    +         Reflect  .   (no cloak)
rCorr    .         Harm     .   (no gloves)
MR       .....                  s - +0 pair of boots
Stlth    +.........             (no amulet)
HPRegen  0.12/turn              (no ring)
MPRegen  0.14/turn              (no ring)

@: very slow
A: negative energy resistance 1, electricity resistance, unbreathing,
petrification resistance, rot immunity, AC +4
a: no special abilities


You were in a sewer.
You were not hungry.

You visited 1 branch of the dungeon, and saw 4 of its levels.
You also visited: Sewer.

You collected 162 gold pieces.

Inventory:

Hand Weapons
 a - a +1 dagger of venom (weapon)
Missiles
 b - 41 stones (quivered)
Armour
 c - a +0 robe (worn)
 s - a +0 pair of boots (worn)
Jewellery
 g - an uncursed ring of see invisible {unknown}
 o - an uncursed ring of fire {unknown}
Wands
 v - a wand of polymorph (10)
Scrolls
 e - a scroll of teleportation {unknown}
 f - 3 scrolls of remove curse {unknown}
 j - 5 scrolls of identify
 l - 2 scrolls of fear
 r - a scroll of amnesia {unknown}
 t - 2 scrolls of blinking {unknown}
 u - a scroll of magic mapping {unknown}
Potions
 h - a potion of lignification {unknown}
 i - 4 potions of curing {unknown}
 k - a potion of ambrosia {unknown}
 m - a potion of cancellation {unknown}
 n - a potion of flight {unknown}
 p - a potion of resistance {unknown}
 q - a potion of haste {unknown}
 w - a potion of invisibility {unknown}
Comestibles
 d - 6 rations


   Skills:
 - Level 1.7 Dodging
 - Level 2.3 Stealth
 + Level 5.1 Spellcasting
   Level 0.7 Transmutations
 + Level 7.4 Earth Magic


You had 15 spell levels left.
You knew the following spells:

 Your Spells              Type           Power        Failure   Level  Hunger
a - Sandblast             Erth           ####..       1%          1    None

Your spell library contained the following spells:

 Spells                   Type           Power        Failure   Level  Hunger
 Passwall                 Tmut/Erth      ###.....     3%          2    #......
 Stone Arrow              Conj/Erth      ###...       9%          3    ##.....
 Lee's Rapid Deconstruct  Erth           ####......   17%         5    ######.
 Petrify                  Tmut/Erth      ###.....     24%         4    ####...


Dungeon Overview and Level Annotations

Branches:
Dungeon (4/15)
 Temple: D:4-7

Altars:
Ru


Innate Abilities, Weirdness & Mutations

You are resistant to torment.
Your stone body is resilient. (AC +4)
You are immune to poison.
You resist negative energy. (rN+)
You are resistant to electric shocks. (rElec)
You can survive without breathing.
You are immune to petrification.
You are immune to rotting.


Message History

* * * LOW HITPOINT WARNIN'
* * * Ye hit tha leopard gecko.
Tha leopard gecko be poison'd.
Tha leopard gecko be heavily wounded.
Tha leopard gecko barely misses ye.
Tha leopard gecko bites ye.
* * * LOW HITPOINT WARNIN'
* * * Ye enter tha shallow water.
Movin' in 'tis stuff be goin' ta be slow.
Ye kill tha leopard gecko!
Ye miss tha leopard gecko.
Tha leopard gecko barely misses ye.
Ye miss tha leopard gecko.
Tha leopard gecko bites ye.
* * * LOW HITPOINT WARNIN'
* * * Yer unst'ble footin' causes ye ta fumble yer attack.
Tha leopard gecko closely misses ye. x2
Ye closely miss tha leopard gecko.
Tha leopard gecko bites ye.
* * * LOW HITPOINT WARNIN'
* * * Ye hit tha leopard gecko.
Tha leopard gecko be poison'd.
Tha leopard gecko be moderately wounded.
Tha leopard gecko bites ye but does nay damage.
Tha leopard gecko bites ye.
Ye die...

≈≈≈≈# #≈≈≈##
#≈≈≈.# #.≈.∩#
#≈≈≈.# ##†≈≈#
#≈...# ##l†≈##
##≈@≈≈# ###.≈≈≈##
# ####.≈≈†≈##
#########≈..≈≈..##
≈≈≈≈≈.≈≈≈≈†≈.####
≈≈≈≈≈≈≈≈≈≈####
###########


You could see a leopard gecko.

Vanquished Creatures
  A scorpion (D:3)
  2 hounds
  Terence (D:2)
  A worker ant (D:4)
  Natasha (D:4)
  Robin (D:4)
  7 adders
  13 gnolls
  2 river rats (D:4)
  4 oozes
  2 worms (D:3)
  11 leopard geckos
  8 orcs
  7 giant cockroaches
  12 goblins
  8 hobgoblins
  7 jackals
  7 ball pythons
  13 bats
  11 frilled lizards
  12 kobolds
  A quokka skeleton (D:4)
  9 rats
141 creatures vanquished.

Notes
Turn   | Place    | Note
-------+----------+-------------------------------------------
     0 | D:1      | Cryolive the Gargoyle Earth Elementalist began the quest
                  | for the Orb.
     0 | D:1      | Reached XP level 1. HP: 10/10 MP: 3/3
   201 | D:1      | Reached skill level 4 in Earth Magic
   201 | D:1      | Reached XP level 2. HP: 15/15 MP: 5/5
   781 | D:2      | Reached XP level 3. HP: 19/19 MP: 3/6
   966 | D:2      | Noticed Terence
   980 | D:2      | Killed Terence
   980 | D:2      | Reached skill level 5 in Earth Magic
   980 | D:2      | Reached XP level 4. HP: 11/24 MP: 0/8
  1149 | D:2      | Reached XP level 5. HP: 17/28 MP: 2/10
  1675 | D:3      | Reached skill level 6 in Earth Magic
  1713 | D:3      | Reached XP level 6. HP: 22/32 MP: 10/12
  2480 | D:4      | Noticed Natasha
  2690 | D:4      | Found a sacrificial altar of Ru.
  2766 | D:4      | Killed Natasha
  2766 | D:4      | Reached skill level 7 in Earth Magic
  2786 | D:4      | Reached XP level 7. HP: 22/36 MP: 14/14
  2842 | D:4      | Noticed Robin
  2849 | D:4      | Killed Robin
  2910 | D:4      | Found a glowing drain.
  2926 | D:4      | Reached skill level 5 in Spellcasting
  2950 | Sewer    | Entered a sewer
  3270 | Sewer    | HP: 1/36 [leopard gecko (2)]
  3272 | Sewer    | Slain by a leopard gecko

Vault maps used:
D:1:      giann_wishing_wells, kennysheep_boxes
D:2:      uniq_terence
D:3:      first_ration
D:4:      nicolae_ru_great_annihilating_truth, portal_sewer_entry_b,
          uniq_natasha, uniq_robin
Sewer:    sewer_frog_island_02

Skill      XL: |  1  2  3  4  5  6  7 |
---------------+----------------------+-----
Earth Magic    | 4 5 6 7 |  7.4
Spellcasting   | 3 4 5 |  5.1
Dodging        | |  1.7
Stealth        | |  2.3
Transmutations | |  0.7

Action                   |  1- 3 |  4- 6 |  7- 9 || total
-------------------------+-------+-------+-------++-------
Melee: Dagger            |    83 |   168 |   147 ||   398
 Cast: Sandblast         |    18 |    34 |    10 ||    62
  Use: Scroll            |       |     2 |       ||     2
  Eat: Chunk             |       |     2 |     1 ||     3
       Ration            |       |     1 |     1 ||     2
Armor: Robe              |    39 |    65 |    76 ||   180
Dodge: Dodged            |    64 |   109 |    91 ||   264

Table legend:
 A = Non-vault XP
 B = Vault XP
 C = Vault XP percentage of total XP
 D = Non-vault monster count
 E = Vault monster count
 F = Vault count percentage of total count
                 A         B        C        D         E       F
            +---------+---------+-------+---------+---------+-------
      Total |     596 |     215 |  26.5 |      96 |      45 |  31.9
            +---------+---------+-------+---------+---------+-------
        D:1 |      31 |       0 |   0.0 |      22 |       0 |   0.0
        D:2 |     211 |      36 |  14.6 |      29 |       1 |   3.3
        D:3 |     242 |       0 |   0.0 |      29 |       0 |   0.0
        D:4 |     112 |     114 |  50.4 |      16 |      20 |  55.6
      Sewer |       0 |      65 | 100.0 |       0 |      24 | 100.0
            +---------+---------+-------+---------+---------+-------
